 Seeded DCSS version 0.28.0-53-g5a82cb258f (webtiles) character file.

Game seed: 123456789 (custom seed)

35 Kazon the Covered (level 3, -3/30 HPs)
             Began as a Barachi Fighter on July 21, 2022.
             Slain by Sigmund
             ... wielding a +0 scythe
              (9 damage)
             ... on level 2 of the Dungeon.
             The game lasted 00:03:57 (971 turns).

Kazon the Covered (Barachi Fighter)                  Turns: 971, Time: 00:03:57

Health: -3/30      AC:  7    Str: 19    XL:     3   Next: 35%
Magic:  3/3        EV:  9    Int:  8    God:
Gold:   27         SH:  4    Dex: 11    Spells: 2/2 levels left

rFire   . . .      SeeInvis .   a - +0 flail
rCold   . . .      Faith    .   c - +0 buckler
rNeg    . . .      Spirit   .   b - +0 scale mail
rPois   .          Reflect  .   (no helmet)
rElec   .          Harm     .   (no cloak)
rCorr   .          Rampage  .   (no gloves)
Will    .....                   (no boots)
Stlth   ..........              (no amulet)
HPRegen 0.10/turn               (no ring)
MPRegen 0.08/turn               (no ring)

@: mighty, slow
A: amphibious, slowness 1, strong legs 1, +LOS
a: Hop


You were on level 2 of the Dungeon.
You visited 1 branch of the dungeon, and saw 2 of its levels.

You collected 27 gold pieces.

Inventory:

Hand Weapons
 a - a +0 flail (weapon)
Missiles
 g - 2 stones
 h - 18 bolts
Armour
 b - a +0 scale mail (worn)
 c - a +0 buckler (worn)
Scrolls
 f - a scroll of magic mapping {unknown}
 i - a scroll of identify {unknown}
 j - a scroll of fear {unknown}
Potions
 e - a potion of haste {unknown}


   Skills:
 + Level 3.9 Fighting
 + Level 3.1 Maces & Flails
 + Level 4.0 Armour
 + Level 0.1 Dodging
 + Level 3.6 Shields


You had 2 spell levels left.
You didn't know any spells.
Your spell library contained the following spells:

 Spells                   Type           Power      Damage    Failure   Level
 Animate Skeleton         Necr           0%         N/A       86%         1
 Pain                     Necr           0%         1d4       86%         1
 Tukima's Dance           Hex            0%         N/A       99%         3
 Vampiric Draining        Necr           0%         2d6       99%         3
 Anguish                  Hex/Necr       0%         N/A       100%        4
 Enfeeble                 Hex            0%         N/A       100%        7


Dungeon Overview and Level Annotations

Branches:
Dungeon (2/15)

Altars:

Annotations:
D:2 Robin, Sigmund


Innate Abilities, Weirdness & Mutations

You are amphibious.
You cover ground slowly.
You can hop short distances.
You have an extended range of vision and can be seen from far away.


Message History

You hit Sigmund.
Sigmund is lightly wounded.
Sigmund hits you but does no damage.
You closely miss Sigmund.
Sigmund is lightly wounded.
You block Sigmund's attack.
You barely miss Sigmund.
Sigmund is lightly wounded.
The goblin hits you with a +0 club. Sigmund hits you with a +0 scythe.
You barely miss Sigmund.
Sigmund is lightly wounded.
The goblin hits you but does no damage. The goblin closely misses you.
Sigmund smiles chillingly.
Sigmund hits you with a +0 scythe.
You feel very mighty all of a sudden. The goblin hits you with a +0 club.
You barely miss Sigmund.
Sigmund is lightly wounded.
Sigmund gestures at you while chanting.
You are confused.
The goblin closely misses you.
You bump into the rock wall.
Sigmund closely misses you. The goblin barely misses you.
You thump the goblin!
You kill the goblin!
Sigmund gestures at you while chanting. The magic dart hits you!
You bump into the rock wall.
The goblin hits you with a +0 club.
* * * LOW HITPOINT WARNING * * *
Sigmund closely misses you.
You bump into the rock wall.
The goblin hits you but does no damage. Sigmund hits you with a +0 scythe.
* * * LOW HITPOINT WARNING * * *
You're too confused to move!
You feel less confused. You block the goblin's attack.
You sock the goblin!
You kill the goblin!
Sigmund hits you with a +0 scythe!
You die...

### ###########.#
..........#<#
#########.#.#
#..).# #..#.#
#..###### #
#..)@...#.#
###..@###.#.###
#>...g.........
#.#..)###.#.##.
#.#.....#.#+##..#
# #..##.........#
#.[.#.........#
#####...g.....#
....gg....#


You could see Sigmund and a goblin.

Vanquished Creatures
  A dart slug (D:1)
  3 bats (D:1)
  3 endoplasms (D:1)
  2 giant cockroaches (D:1)
  5 goblins
  3 hobgoblins
  2 jackals (D:1)
  2 quokkas (D:1)
  A ball python (D:1)
  2 frilled lizards (D:1)
  2 kobolds (D:1)
  3 rats (D:1)
29 creatures vanquished.

Notes
Turn   | Place    | Note
-------+----------+-------------------------------------------
     0 | D:1      | Kazon the Barachi Fighter began the quest for the Orb.
     0 | D:1      | Reached XP level 1. HP: 18/18 MP: 1/1
   178 | D:1      | Reached XP level 2. HP: 24/24 MP: 2/2
   275 | D:1      | Reached skill level 4 in Armour
   362 | D:1      | Found a faded altar of an unknown god.
   584 | D:1      | Reached XP level 3. HP: 27/30 MP: 3/3
   927 | D:2      | Noticed Robin
   952 | D:2      | Noticed Sigmund
   971 | D:2      | Slain by Sigmund

Illustrated notes

Levels and vault maps discovered:
D:1:      co_arrival_random_square_maze, layout_loops_cross,
          ebering_ecumenical_altar_petrified
D:2:      layout_basic, uniq_sigmund, uniq_crazy_yiuf_cottage, uniq_robin

Skill      XL: |  1  2 |
---------------+-------+-----
Armour         | 4 |  4.0
Maces & Flails | 3 |  3.1
Fighting       | |  3.9
Dodging        | |  0.1
Shields        | |  3.6

Action                   || total
-------------------------++-------
Melee: Flail             ||   112
  Use: Potion            ||     1
Armor: Scale mail        ||    65
Dodge: Dodged            ||    71
Block: Buckler           ||    19
